 Dungeon Crawl Stone Soup version 0.27.0-1-g7a089689b8 (webtiles) character file.

Game seed: 2694774265993867699

92 beatsboy the Insei (level 4, -3/32 HPs)
             Began as a Djinni Transmuter on Aug 1, 2021.
             Slain by Ijyb (6 damage)
             ... on level 3 of the Dungeon.
             The game lasted 00:06:48 (2812 turns).

beatsboy the Insei (Djinni Transmuter)              Turns: 2812, Time: 00:06:48

Health: -3/32      AC:  2    Str:  9    XL:     4   Next: 90%
Gold:   88         EV: 12    Int: 16    God:
                   SH:  0    Dex: 13

rFire    + + .     SeeInvis .     - Unarmed
rCold    x . .     Faith    .   (no shield)
rNeg     . . .     Spirit   .   a - +0 robe
rPois    ∞         Reflect  .   (no helmet)
rElec    .         Harm     .   (no cloak)
rCorr    .         Rampage  .   (no gloves)
Will     .....                  (boots unavailable)
Stlth    +.........             (no amulet)
HPRegen  0.10/turn              (no ring)
MPRegen  0.00/turn              (no ring)

@: attractive, flying, very slightly contaminated
A: sickness immunity, fire resistance 2, cold vulnerability 1, float, innate
caster, hp casting, extra vitality 1
a: no special abilities


You were on level 3 of the Dungeon.
You visited 1 branch of the dungeon, and saw 3 of its levels.

You collected 88 gold pieces.

Inventory:

Armour
 a - a +0 robe (worn)
Wands
 i - a wand of mindburst (13)
Scrolls
 c - a scroll of summoning {unknown}
 e - 2 scrolls of identify {unknown}
 f - a scroll of enchant weapon {unknown}
 g - a scroll of vulnerability {unknown}
 h - a scroll of amnesia {unknown}
 j - a scroll of silence {unknown}
Potions
 b - a potion of heal wounds {unknown}
 d - a potion of attraction
 k - 2 potions of haste {unknown}


   Skills:
 + Level 1.1 Fighting
 + Level 2.7 Dodging
 + Level 0.7 Stealth
 + Level 4.1 Unarmed Combat
 + Level 2.3 Spellcasting


You couldn't memorise any spells.
You knew the following spells:

 Your Spells              Type           Power      Damage    Failure   Level
a - Beastly Appendage     Tmut           18%        N/A       8%          1
b - Wereblood             Tmut           9%         N/A       12%         2
c - Spider Form           Tmut/Pois      4%         N/A       22%         3
d - Ice Form              Ice/Tmut       9%         N/A       58%         4
e - Summon Small Mammal   Summ           36%        N/A       8%          1
Your spell library was empty.

Dungeon Overview and Level Annotations

Branches:
Dungeon (3/15)

Altars:
Okawaru
Sif Muna
Zin

Shops:
D:3 *

Annotations:
D:3 Ijyb


Innate Abilities, Weirdness & Mutations

You are immune to sickness and miasma.
You are immune to poison.
Your flesh is very heat resistant. (rF++)
You are vulnerable to cold. (rC-)
You float through the air rather than walking.
You learn spells naturally, not from books.
Your magical power is your life essence.
You have superior vitality. (+4 HP)


Message History

Confirm with . or Enter, or press ? or * to list all spells.
You grow a pair of large bovine horns.
You miss the frilled lizard.
You headbutt the frilled lizard, but do no damage.
The frilled lizard barely misses you.
You barely miss the frilled lizard. Your punch misses the frilled lizard.
The frilled lizard closely misses you.
You hit the frilled lizard.
Your headbutt misses the frilled lizard.
The frilled lizard is severely wounded.
You barely miss the frilled lizard.
Your headbutt misses the frilled lizard.
The frilled lizard is severely wounded.
The frilled lizard bites you.
You hit the frilled lizard.
You kill the frilled lizard!
Your transformation is almost over.
Your horns disappear.
Ijyb the Twisted Goblin comes into view.
She is wielding a +0 dagger and carrying a wand of mindburst (14).
Ijyb shouts!
Ijyb zaps a wand.
Your mind is blasted!
A rat comes into view.
Found 16 stones.
A dart slug comes into view.
Ijyb zaps a wand.
You barely resist. You barely miss Ijyb.
Ijyb zaps a wand.
Your mind is blasted!
Ouch! That really hurt!
* * * LOW HITPOINT WARNING * * *
Casting: Beastly Appendage (safe; 8% risk of failure)
Confirm with . or Enter, or press ? or * to list all spells.
You miscast Beastly Appendage.
You are very lightly contaminated with residual magic.
Nothing appears to happen.
* * * LOW HITPOINT WARNING * * *
Ijyb hits you with a +0 dagger.
* * * LOW HITPOINT WARNING * * *
It was a potion of attraction.
You feel attractive to monsters. The rat bites you but does no damage.
Ijyb hits you with a +0 dagger.
You die...

###.###...# #...#)..#
#######...#...# #
#<..#.....#...#######.###.
..).......+...............
.)..#....##...####.#######
..###....#########.#
....#....# ##....#
♣.#......# #.r@###
.........# #..g#
♣.♣.#....# #...#
....###### #.w.# ♣.♣.#
#...# ...... (...# ♣.#..##
.....# .....# ....###
.....#


You could see Ijyb, a dart slug and a rat.

Vanquished Creatures
  A bullfrog zombie (D:3)
  2 adders (D:2)
  A dart slug (D:1)
  3 orcs (D:3)
  3 endoplasms (D:2)
  6 goblins
  3 hobgoblins
  3 quokkas
  2 ball pythons (D:1)
  5 bats
  4 frilled lizards
  A kobold (D:1)
  5 rats
39 creatures vanquished.

Notes
Turn   | Place    | Note
-------+----------+-------------------------------------------
     0 | D:1      | beatsboy the Djinni Transmuter began the quest for the Orb.
     0 | D:1      | Reached XP level 1. HP: 17/17 MP: 0/0
   271 | D:1      | Found a faded altar of an unknown god.
   379 | D:1      | Reached XP level 2. HP: 16/22 MP: 0/0
  1425 | D:2      | Reached XP level 3. HP: 24/27 MP: 0/0
  1425 | D:2      | Learned a level 1 spell: Summon Small Mammal
  2114 | D:2      | Reached XP level 4. HP: 23/32 MP: 0/0
  2392 | D:3      | Found an iron altar of Okawaru.
  2418 | D:3      | Reached skill level 4 in Unarmed Combat
  2766 | D:3      | Found a glowing silver altar of Zin.
  2767 | D:3      | Found Zin's Purification Station.
  2806 | D:3      | Noticed Ijyb
  2812 | D:3      | Slain by Ijyb

Illustrated notes

Levels and vault maps discovered:
D:1:      lordsloth_arrival_two_stooges, layout_basic,
          ebering_ecumenical_altar_ruins, kennysheep_boxes
D:2:      layout_loops_cross, basic_altar, kennysheep_generic_room_11
D:3:      layout_basic, zin_purify, okawaru_trees_1, uniq_ijyb

Skill      XL: |  1  2  3  4 |
---------------+-------------+-----
Spellcasting   | 2 |  2.3
Unarmed Combat | 4 |  4.1
Fighting       | |  1.1
Dodging        | |  2.7
Stealth        | |  0.7

Action                   |  1- 3 |  4- 6 || total
-------------------------+-------+-------++-------
Melee: Unarmed           |    89 |    32 ||   121
       Headbutt          |    10 |     4 ||    14
       Punch             |     3 |       ||     3
 Cast: Beastly Appendage |    24 |     7 ||    31
       Wereblood         |       |     2 ||     2
 Abil: End Transformatio |     1 |       ||     1
  Use: Potion            |       |     1 ||     1
 Stab: Sleeping          |     3 |       ||     3
Armor: Robe              |    12 |     2 ||    14
Dodge: Dodged            |    62 |    12 ||    74
